 Dungeon Crawl Stone Soup version 0.26-b1-32-g5d43845318 (webtiles) character file.

Game seed: 13397358937669226786

134512 Aviak the Thaumaturge (level 17, -9/170 HPs)
             Began as a Gnoll Ice Elementalist on Jan 6, 2021.
             Was an Initiate of Gozag.
             Killed from afar by bloated husk (30 damage)
             ... on level 4 of the Swamp.
             The game lasted 01:38:20 (37048 turns).

Aviak the Thaumaturge (Gnoll Ice Elementalist)     Turns: 37048, Time: 01:38:21

Health: -9/170     AC: 30    Str: 18    XL:     17   Next: 17%
Magic:  27/33      EV: 17    Int: 21    God:    Gozag
Gold:   403        SH: 13    Dex: 15    Spells: 5/40 levels left

rFire    + . .     SeeInvis +   e - +9 broad axe (flame)
rCold    + + +     Faith    .   q - +1 kite shield {rC+}
rNeg     + + +     Spirit   .   (armour currently unavailable)
rPois    ∞         Reflect  .   L - +2 helmet {SInv}
rElec    +         Harm     .   b - scarf {+Inv}
rCorr    +         Rampage  .   (gloves currently unavailable)
Will     +....                  (boots currently unavailable)
Stlth    +++++.....             a - amulet "Ikhyrom" {RegenMP rN++ Str+4 Int-3}
HPRegen  0.38/turn              P - ring of Bekegucw {rPois rC+ Int+2}
MPRegen  0.48/turn              k - ring of wizardry

@: statue-form, resistant, wereblooded, grasped by roots, gold aura, very
slightly contaminated, constricted, invisible, very slow
A: distributed training, fangs 1, strong nose
a: End Transformation, Renounce Religion, Evoke Invisibility, Potion Petition,
Call Merchant, Bribe Branch


You were on level 4 of the Swamp.
You worshipped Gozag.
Gozag was aware of your devotion.
You were a stone statue.
You visited 5 branches of the dungeon, and saw 27 of its levels.
You also visited: Ice Cave and Volcano.

You collected 11740 gold pieces.
You spent 7057 gold pieces at shops.
You paid 4280 gold pieces to Gozag.

Inventory:

Hand Weapons
 e - a +9 broad axe of flaming (weapon)
Missiles
 u - 6 silver javelins
Armour
 b - a scarf of invisibility (worn)
 q - a +1 kite shield of cold resistance (worn)
 B - the +4 robe of Augmentation (melded) {Str+4 Int+4 Dex+4}
   (You bought it in a shop on level 13 of the Dungeon)

   It affects your strength (+4).
   It affects your intelligence (+4).
   It affects your dexterity (+4).
 L - a +2 helmet of see invisible (worn)
 M - a +1 pair of boots of stealth (melded)
 Q - a +1 pair of gloves (melded)
 X - the +3 scale mail of the Prince of Darkness {rPois rC+ Will-}
   (You bought it in a shop on level 11 of the Dungeon)

   It protects you from cold.
   It protects you from poison.
   It affects your willpower, your defense against some magical effects.
Jewellery
 a - the amulet "Ikhyrom" (around neck) {RegenMP rN++ Str+4 Int-3}
   (You bought it in a shop on level 2 of the Orcish Mines)

   [amulet of magic regeneration]

   It increases your magic regeneration.
   It affects your strength (+4).
   It affects your intelligence (-3).
   It greatly protects you from negative energy.
 k - a ring of wizardry (right hand)
 o - an uncursed ring of willpower
 z - an uncursed ring of positive energy
 F - an uncursed ring of protection from fire
 P - the ring of Bekegucw (left hand) {rPois rC+ Int+2}
   (You found it on level 3 of the Swamp)

   [ring of poison resistance]

   It affects your intelligence (+2).
   It protects you from cold.
   It protects you from poison.
 V - the amulet "Kygam" {Faith Will++}
   (You found it on level 3 of the Lair of Beasts)

   [amulet of faith]

   It allows you to gain divine favour quickly.
   It affects your willpower, your defense against some magical effects.
 W - a +6 ring of strength
Wands
 w - a wand of enslavement (2)
 y - a wand of polymorph (34)
 A - a wand of paralysis (13)
 D - a wand of flame (66)
 G - a wand of acid (13)
 R - a wand of digging (5)
 S - a wand of iceblast (19)
Scrolls
 d - 5 scrolls of fear
 i - 3 scrolls of identify
 j - 8 scrolls of blinking
 m - 6 scrolls of amnesia
 r - 4 scrolls of remove curse
 s - a scroll of summoning {!r}
 t - 3 scrolls of fog
 v - 4 scrolls of immolation
 C - a scroll of magic mapping
 E - 13 scrolls of teleportation
 I - 2 scrolls of enchant armour
 J - a scroll of enchant weapon
 Z - a scroll of silence {!r}
Potions
 c - 8 potions of curing
 f - 6 potions of haste
 g - 5 potions of brilliance
 h - 3 potions of heal wounds
 l - 3 potions of cancellation
 n - 5 potions of berserk rage
 p - a potion of ambrosia
 x - 4 potions of attraction
 H - 3 potions of flight
 K - 4 potions of might
 N - 4 potions of mutation {!q}
 O - 3 potions of resistance
 Y - 2 potions of invisibility
Miscellaneous
 T - a tin of tremorstones (2/2)
 U - a lightning rod (4/4)


   Skills:
 + Level 11.3 Fighting
 + Level 11.3 Short Blades
 + Level 11.3 Long Blades
 + Level 11.3 Axes
 + Level 11.3 Maces & Flails
 + Level 11.3 Polearms
 + Level 11.3 Staves
 + Level 11.3 Slings
 + Level 11.3 Bows
 + Level 11.3 Crossbows
 + Level 11.3 Throwing
 + Level 11.3 Armour
 + Level 12.1 Dodging
 + Level 12.0 Stealth
 + Level 11.3 Shields
 + Level 11.3 Unarmed Combat
 + Level 12.2 Spellcasting
 + Level 9.6 Conjurations
 + Level 9.6 Hexes
 + Level 9.6 Summonings
 + Level 9.6 Necromancy
 + Level 9.6 Translocations
 + Level 9.6 Transmutations
 + Level 9.6 Fire Magic
 + Level 11.7 Ice Magic
 + Level 9.6 Air Magic
 + Level 9.6 Earth Magic
 + Level 9.6 Poison Magic
 + Level 12.2 Invocations
 + Level 11.3 Evocations


You had 5 spell levels left.
You knew the following spells:

 Your Spells              Type           Power        Failure   Level
a - Freeze                Ice            100%         1%          1
b - Frozen Ramparts       Ice            100%         1%          3
c - Ozocubu's Armour      Ice            58%          1%          3
d - Hailstorm             Conj/Ice       55%          1%          4
e - Summon Ice Beast      Ice/Summ       55%          1%          4
f - Sticky Flame          Conj/Fire      52%          1%          4
g - Statue Form           Tmut/Erth      34%          10%         6
h - Wereblood             Tmut           52%          1%          2
q - Fireball              Conj/Fire      26%          1%          5
w - Inner Flame           Hex/Fire       52%          1%          3

Your spell library contained the following spells:

 Spells                   Type           Power        Failure   Level
 Animate Skeleton         Necr           100%         1%          1
 Beastly Appendage        Tmut           100%         1%          1
 Foxfire                  Conj/Fire      100%         1%          1
 Magic Dart               Conj           100%         1%          1
 Pain                     Necr           100%         1%          1
 Shock                    Conj/Air       100%         1%          1
 Blink                    Tloc           N/A          1%          2
 Call Imp                 Summ           52%          1%          2
 Searing Ray              Conj           100%         1%          2
 Slow                     Hex            52%          1%          2
 Swiftness                Air            52%          1%          2
 Confusing Touch          Hex            52%          1%          3
 Conjure Flame            Conj/Fire      52%          1%          3
 Dazzling Flash           Conj/Hex       100%         1%          3
 Gell's Gravitas          Tloc           26%          1%          3
 Mephitic Cloud           Conj/Pois/Air  52%          1%          3
 Spider Form              Tmut/Pois      26%          1%          3
 Static Discharge         Conj/Air       52%          1%          3
 Vampiric Draining        Necr           26%          1%          3
 Airstrike                Air            26%          1%          4
 Animate Dead             Necr           26%          1%          4
 Cause Fear               Hex            26%          1%          4
 Fulminant Prism          Conj/Hex       26%          1%          4
 Ice Form                 Ice/Tmut       55%          1%          4
 Iskenderun's Mystic Bla  Conj/Tloc      52%          1%          4
 Leda's Liquefaction      Hex/Erth       26%          1%          4
 Petrify                  Tmut/Erth      52%          1%          4
 Agony                    Necr           52%          1%          5
 Blade Hands              Tmut           26%          1%          5
 Bolt of Magma            Conj/Fire/Erth 26%          1%          5
 Lightning Bolt           Conj/Air       26%          1%          5
 Metabolic Englaciation   Hex/Ice        27%          1%          5
 Silence                  Hex/Air        26%          1%          5
 Yara's Violent Unravell  Hex/Tmut       26%          1%          5
 Iron Shot                Conj/Erth      26%          10%         6
 Ignition                 Fire           26%          98%         8
 Shatter                  Erth           26%          100%        9
 Tornado                  Air            26%          100%        9


Dungeon Overview and Level Annotations

Branches:
Dungeon (14/15)            Temple (1/1) D:4            Lair (6/6) D:11
  Swamp (4/4) Lair:4       Spider (0/4) Lair:4        Slime (0/5) Lair:5
    Orc (2/2) D:9             Elf (0/3) Orc:2        Vaults (0/5) D:13
  IceCv (visited)         Volcano (visited)

Altars:
Ashenzari
Cheibriados
Dithmenos
Elyvilon
Fedhas
Gozag
Hepliaklqana
Kikubaaqudgha
Makhleb
Nemelex Xobeh
Okawaru
Qazlal
Ru
Sif Muna
Trog
Uskayaw
Vehumet
Wu Jian
Xom
Yredelemnul
Zin
The Shining One
Jiyva

Shops:
D:4 (   D:6 ?   D:8 [   D:10 [   D:11 *[   D:13 [((=[   Orc:2 =?=?

Portals:
Trove: D:11 (give 5 scrolls of fear)

Annotations:
D:9 exclusion: oklob plant


Innate Abilities, Weirdness & Mutations

Your experience applies equally to all skills.
You have very sharp teeth.
Your uncanny sense of smell can sniff out nearby items.


Message History

The ice dragon breathes frost at the swamp drake.
The blast of cold hits the swamp drake!!!
The swamp drake dies!
The blast of cold hits the bloated husk!!
The bloated husk resists.
The will-o-the-wisp gestures.
The will-o-the-wisp conjures some foxfire!
The shambling mangrove hits you!
* * * LOW HITPOINT WARNING * * *
* * * LOW HITPOINT WARNING * * *
The grasping roots constrict you! You block the ice dragon's attack.
The ice dragon barely misses you.
The ice dragon tramples you but does no damage.
The swamp dragon completely misses you.
The swamp dragon claws you but does no damage.
You block the swamp dragon's attack.
The bloated husk explodes!
The blast of putrescent gases engulfs you!!
You die...
Your body crumbles into a pile of gold.

≈ ♣♣♣♣♣ ≈≈♣♣♣
.≈≈§♣♣. ...≈.≈
..≈≈..≈
≈≈≈≈≈.♣♣♣.≈≈≈≈.≈
≈≈≈≈≈.$8D≈≈≈≈.≈♣
≈..≈♣♣Df$≈≈...♣
§..$≈§vD.≈♣≈.≈♣
≈≈≈≈§.♣≈.≈♣ ≈♣≈.
§§§§♣♣≈.○≈.≈
≈§v§≈.§≈○.$..k
v≈§.♣≈≈≈...##k.?
v§. ♣♣≈≈.≈♣♣ D#
§ ♣♣≈≈♣# ∆ ≈


You could see a shambling mangrove, an ice dragon (catching breath), 2 swamp
dragons and a will-o-the-wisp.

Vanquished Creatures
  Jorgrun (Orc:2)
  A thorn hunter (Swamp:4)
  Roxanne (Swamp:1)
  A frost giant (IceCv)
  Nessos (D:12)
  4 bunyips
  3 eleionomae (Swamp:2)
  Josephine (D:11)
  Fannar (Lair:1)
  Erolcha (D:9)
  3 boulder beetles
  15 hydras
  3 two-headed ogres
  9 alligators
  3 centaur warriors
  5 orc high priests (Orc:2)
  8 death yaks
  2 unseen horrors
  4 skeletal warriors
  6 goliath frogs
  3 spriggan druids
  5 bog bodies
  2 anaconda skeletons (Volcano)
  A wolf spider zombie (D:14)
  8 orc knights
  8 swamp dragons
  A manticore (D:13)
  A deep elf mage (D:13)
  2 ugly things
  4 cyclopes
  2 will-o-the-wisps (Swamp:2)
  22 elephants
  2 ice statues (IceCv)
  Maurice (D:11)
  3 black mambas
  A torpor snail (Lair:4)
  24 cane toads
  4 gargoyles (Volcano)
  9 komodo dragons
  4 rime drakes
  A yaktaur (D:13)
  15 polar bears
  5 jumping spiders (Lair:4)
  3 trolls
  8 tyrant leeches
  12 hornets
  24 blink frogs
  6 slime creatures
  Grinder (D:4)
  11 spriggans
  A flying skull (Volcano)
  3 alligator skeletons (Volcano)
  3 redbacks (Lair:4)
  6 wyverns
  4 wraiths
  35 yaks
  Grum (D:10)
  3 basilisks
  10 vampire mosquitoes
  A steam dragon (Lair:4)
  2 wargs (Orc:1)
  15 swamp worms
  Edmund (D:4)
  A soldier ant (D:12)
  9 water moccasins
  40 orc warriors
  2 sky beasts
  An eye of draining (D:13)
  2 ice beasts
  5 swamp drakes
  9 ogres
  A phantom (D:10)
  14 wolves
  2 necrophages
  9 centaurs
  7 big kobolds
  22 bullfrogs
  A gnoll sergeant (D:9)
  A wyvern skeleton (D:11)
  3 scorpions
  3 troll skeletons (Swamp:3)
  A troll zombie (Swamp:3)
  2 wights (D:8)
  3 electric eels
  3 howler monkeys
  A bullfrog zombie (D:5)
  A centaur zombie (D:11)
  2 quasits
  5 hounds
  15 jellies
  23 orc priests
  5 centaur skeletons
  7 iguanas
  2 bullfrog skeletons
  Natasha (thrice) (D:4)
  21 orc wizards
  13 worker ants
  2 hound skeletons
  A worker ant zombie (D:8)
  Robin (D:4)
  4 gnolls (D:9)
  8 adders
  2 shadow imps (D:6)
  15 white imps
  14 oozes
  2 adder skeletons
  2 adder zombies (D:8)
  2 worms
  3 dart slugs
  6 leopard geckos
  91 orcs
  4 ball pythons
  8 bats
  8 giant cockroaches
  14 goblins
  13 hobgoblins
  3 jackals (D:3)
  38 kobolds
  7 quokkas
  6 frilled lizards
  A leopard gecko skeleton (D:6)
  A quokka zombie (D:6)
  4 rats
850 creatures vanquished.

Vanquished Creatures (collateral kills)
  Urug (Orc:1)
  An orc high priest (Orc:1)
  A bog body (Lair:4)
  An anaconda skeleton (Volcano)
  A cyclops (D:8)
  2 elephants (Lair:6)
  A gargoyle (Volcano)
  A basilisk (D:11)
  A wyvern (Lair:1)
  A swamp worm (Swamp:2)
  A big kobold (D:8)
  A troll skeleton (Volcano)
  An electric eel (Lair:6)
  A spriggan skeleton (Volcano)
  2 orc priests
  2 orc wizards
  A naga skeleton (Volcano)
  5 orcs
25 creatures vanquished.

Vanquished Creatures (others)
  2 dancing weapons (D:13)
  2 bloated husks
  2 flying skulls (Volcano)
  An alligator skeleton (Volcano)
  A swamp drake (Swamp:4)
  A spriggan skeleton (Volcano)
  A kobold (D:10)
  12 foxfires (Swamp:2)
  36 fungi
  136 plants
194 creatures vanquished.

Grand Total: 1069 creatures vanquished

Notes
Turn   | Place    | Note
-------+----------+-------------------------------------------
     0 | D:1      | Aviak the Gnoll Ice Elementalist began the quest for the
                  | Orb.
     0 | D:1      | Reached XP level 1. HP: 13/13 MP: 6/6
    43 | D:1      | Reached XP level 2. HP: 15/19 MP: 3/7
   347 | D:1      | Reached XP level 3. HP: 23/25 MP: 3/9
   436 | D:1      | Reached skill level 5 in Spellcasting
   706 | D:1      | Learned a level 3 spell: Frozen Ramparts
   710 | D:1      | Learned a level 3 spell: Ozocubu's Armour
   746 | D:2      | Found a white marble altar of Elyvilon.
   988 | D:2      | Reached skill level 1 in Invocations
  1330 | D:2      | Reached skill level 1 in Fighting
  1330 | D:2      | Reached skill level 1 in Short Blades
  1330 | D:2      | Reached skill level 1 in Long Blades
  1330 | D:2      | Reached skill level 1 in Axes
  1330 | D:2      | Reached skill level 1 in Maces & Flails
  1330 | D:2      | Reached skill level 1 in Polearms
  1330 | D:2      | Reached skill level 1 in Staves
  1330 | D:2      | Reached skill level 1 in Slings
  1330 | D:2      | Reached skill level 1 in Bows
  1330 | D:2      | Reached skill level 1 in Crossbows
  1330 | D:2      | Reached skill level 1 in Throwing
  1330 | D:2      | Reached skill level 1 in Armour
  1330 | D:2      | Reached skill level 1 in Shields
  1330 | D:2      | Reached skill level 1 in Unarmed Combat
  1330 | D:2      | Reached skill level 1 in Evocations
  1476 | D:2      | Reached XP level 4. HP: 32/32 MP: 11/11
  2164 | D:3      | Reached skill level 1 in Conjurations
  2164 | D:3      | Reached skill level 1 in Hexes
  2164 | D:3      | Reached skill level 1 in Summonings
  2164 | D:3      | Reached skill level 1 in Necromancy
  2164 | D:3      | Reached skill level 1 in Translocations
  2164 | D:3      | Reached skill level 1 in Transmutations
  2164 | D:3      | Reached skill level 1 in Fire Magic
  2164 | D:3      | Reached skill level 1 in Air Magic
  2164 | D:3      | Reached skill level 1 in Earth Magic
  2164 | D:3      | Reached skill level 1 in Poison Magic
  2876 | D:3      | Found an ancient bone altar of Kikubaaqudgha.
  3197 | D:3      | Reached XP level 5. HP: 24/37 MP: 8/12
  3356 | D:4      | Noticed Robin
  3382 | D:4      | Killed Robin
  3397 | D:4      | Noticed Natasha
  3681 | D:4      | Learned a level 4 spell: Hailstorm
  3701 | D:4      | Found a sparkling altar of Nemelex Xobeh.
  3736 | D:4      | Reached XP level 6. HP: 38/44 MP: 7/13
  3793 | D:4      | Reached skill level 5 in Dodging
  4025 | D:4      | Killed Natasha
  4049 | D:4      | Noticed Grinder
  4050 | D:4      | Reached XP level 7. HP: 39/50 MP: 11/15
  4078 | D:4      | Killed Grinder
  4329 | D:4      | Found a staircase to the Ecumenical Temple.
  4355 | Temple   | Entered the Ecumenical Temple
  4435 | Temple   | Became a worshipper of Gozag Ym Sagoz the Greedy
  4561 | D:4      | Found Muskaes's Weapon Boutique.
  4671 | D:4      | Noticed Edmund
  4676 | D:4      | Noticed Natasha
  4679 | D:4      | Killed Edmund
  4680 | D:4      | Reached skill level 5 in Stealth
  4682 | D:4      | Killed Natasha
  4697 | D:4      | Noticed Natasha
  4703 | D:4      | Killed Natasha
  4874 | D:5      | Entered Level 5 of the Dungeon
  5082 | D:5      | Reached XP level 8. HP: 57/57 MP: 16/16
  5873 | D:6      | Found Eggil's Magic Scroll Boutique.
  5880 | D:6      | Bought a scroll of identify for 26 gold pieces
  5880 | D:6      | Bought a scroll of teleportation for 39 gold pieces
  5880 | D:6      | Bought a scroll of blinking for 97 gold pieces
  5880 | D:6      | Bought a scroll of enchant weapon for 97 gold pieces
  6386 | D:7      | Learned a level 4 spell: Summon Ice Beast
  6391 | D:7      | Learned a level 4 spell: Sticky Flame
  6926 | D:7      | Found an iron altar of Okawaru.
  7054 | D:7      | Reached XP level 9. HP: 59/65 MP: 18/18
  7576 | D:8      | Found a hazy altar of Hepliaklqana.
  7583 | D:8      | Found Plog's Armour Emporium.
  7692 | D:8      | Bought a +2 helmet of see invisible for 236 gold pieces
  7826 | D:8      | Found a shadowy altar of Dithmenos.
  8121 | D:8      | Noticed a cyclops
  8128 | D:8      | Killed a cyclops
  8129 | D:8      | Reached skill level 5 in Invocations
  8228 | D:8      | Noticed a two-headed ogre
  8235 | D:8      | Killed a two-headed ogre
  8236 | D:8      | Reached skill level 5 in Fighting
  8236 | D:8      | Reached skill level 5 in Short Blades
  8236 | D:8      | Reached skill level 5 in Long Blades
  8236 | D:8      | Reached skill level 5 in Axes
  8236 | D:8      | Reached skill level 5 in Maces & Flails
  8236 | D:8      | Reached skill level 5 in Polearms
  8236 | D:8      | Reached skill level 5 in Staves
  8236 | D:8      | Reached skill level 5 in Slings
  8236 | D:8      | Reached skill level 5 in Bows
  8236 | D:8      | Reached skill level 5 in Crossbows
  8236 | D:8      | Reached skill level 5 in Throwing
  8236 | D:8      | Reached skill level 5 in Armour
  8236 | D:8      | Reached skill level 5 in Shields
  8236 | D:8      | Reached skill level 5 in Unarmed Combat
  8236 | D:8      | Reached skill level 5 in Evocations
  8236 | D:8      | Reached XP level 10. HP: 74/74 MP: 1/20
  8811 | D:9      | Found a staircase to the Orcish Mines.
  8967 | D:9      | Noticed an oklob plant
  9195 | D:9      | Found a bloodstained altar of Trog.
 10011 | D:9      | Got a bloodstained rapier
 10012 | D:9      | Identified the +0 rapier "Fofeh" {vorpal, Stlth+} (You
                  | found it on level 9 of the Dungeon)
 10164 | D:9      | Noticed Erolcha
 10171 | D:9      | Killed Erolcha
 10384 | D:10     | Entered Level 10 of the Dungeon
 10478 | D:10     | Found a stormy altar of Qazlal.
 10480 | D:10     | Noticed an elephant
 10492 | D:10     | Noticed an elephant
 10518 | D:10     | Killed an elephant
 10519 | D:10     | Reached XP level 11. HP: 43/81 MP: 12/22
 10999 | D:10     | Noticed Grum
 11013 | D:10     | Reached skill level 5 in Conjurations
 11013 | D:10     | Reached skill level 5 in Hexes
 11013 | D:10     | Reached skill level 5 in Summonings
 11013 | D:10     | Reached skill level 5 in Necromancy
 11013 | D:10     | Reached skill level 5 in Translocations
 11013 | D:10     | Reached skill level 5 in Transmutations
 11013 | D:10     | Reached skill level 5 in Fire Magic
 11013 | D:10     | Reached skill level 5 in Air Magic
 11013 | D:10     | Reached skill level 5 in Earth Magic
 11013 | D:10     | Reached skill level 5 in Poison Magic
 11013 | D:10     | Killed Grum
 11694 | D:10     | Found a bloodstained altar of Trog.
 11704 | D:10     | Found an opulent altar of Gozag.
 11704 | D:10     | Found a sacrificial altar of Ru.
 11706 | D:10     | Found an opulent altar of Gozag.
 11706 | D:10     | Found a shimmering blue altar of Sif Muna.
 11706 | D:10     | Found a shimmering altar of Xom.
 12010 | D:10     | Bought a bloodstained ring mail for 279 gold pieces
 12010 | D:10     | Bought an embroidered scarf for 248 gold pieces
 12020 | D:10     | Identified the cursed +1 ring mail of Inquiry {rN+ Stlth+}
                  | (You bought it in a shop on level 10 of the Dungeon)
 12031 | D:10     | Bought a pair of embroidered boots for 232 gold pieces
 12204 | D:11     | Found a glowing golden altar of the Shining One.
 12246 | D:11     | Noticed a white ugly thing
 12257 | D:11     | Killed a white ugly thing
 12760 | D:11     | Found a staircase to the Lair.
 12850 | D:11     | Noticed Maurice
 12857 | D:11     | Killed Maurice
 12885 | D:11     | Found a portal to a secret trove of treasure.
 13224 | D:11     | Noticed Josephine
 13238 | D:11     | Killed Josephine
 13407 | Lair:1   | Entered Level 1 of the Lair of Beasts
 13487 | Lair:1   | Found a dark tunnel.
 13615 | Volcano  | Entered a volcano
 13704 | Volcano  | Reached XP level 12. HP: 35/89 MP: 4/24
 15525 | Lair:2   | Noticed Fannar
 15540 | Lair:1   | Killed Fannar
 15689 | Lair:2   | Found a shimmering blue altar of Sif Muna.
 15700 | Lair:2   | Noticed a seven-headed hydra
 15714 | Lair:2   | Killed a five-headed hydra
 15901 | Lair:2   | Noticed a six-headed hydra
 15911 | Lair:2   | Killed a four-headed hydra
 16663 | Lair:3   | Reached XP level 13. HP: 92/98 MP: 26/26
 16668 | Lair:3   | Got a fine iron amulet
 16669 | Lair:3   | Identified the amulet "Kygam" {Faith Will++} (You found it
                  | on level 3 of the Lair of Beasts)
 18907 | Lair:4   | Found a hole to the Spider Nest.
 18926 | Lair:4   | Reached skill level 10 in Ice Magic
 19458 | Lair:4   | Found a staircase to the Swamp.
 19476 | Lair:4   | Learned a level 5 spell: Fireball
 19893 | Lair:4   | Reached skill level 10 in Spellcasting
 20414 | Lair:5   | Found a staircase to the Slime Pits.
 20414 | Lair:5   | Found a viscous altar of Jiyva.
 20765 | Lair:5   | Reached XP level 14. HP: 106/106 MP: 24/28
 21618 | Lair:6   | Entered Level 6 of the Lair of Beasts
 21662 | Lair:5   | Reached skill level 10 in Dodging
 21710 | Lair:6   | Reached skill level 10 in Stealth
 21841 | Lair:6   | Reached skill level 10 in Invocations
 21872 | Lair:6   | Found a frozen archway.
 21892 | IceCv    | Entered an ice cave
 22443 | IceCv    | Noticed a frost giant
 22457 | IceCv    | Killed a frost giant
 23807 | Lair:6   | Got a shimmering mace
 23971 | Lair:6   | Reached XP level 15. HP: 115/115 MP: 24/29
 24533 | D:11     | Bought an encrusted scale mail for 180 gold pieces
 24533 | D:11     | Bought a glowing scarf for 160 gold pieces
 24533 | D:11     | Bought a bloodstained scale mail for 180 gold pieces
 24535 | D:11     | Identified the +5 mace "Muurph Tecs" {freeze, rN+ Will-
                  | Int+4} (You found it on level 6 of the Lair of Beasts)
 24567 | D:11     | Identified the cursed +1 scale mail of the Poles {Harm
                  | rCorr} (You bought it in a shop on level 11 of the Dungeon)
 24578 | D:11     | Identified the +3 scale mail of the Prince of Darkness
                  | {rPois rC+ Will-} (You bought it in a shop on level 11 of
                  | the Dungeon)
 24604 | D:11     | Bought a potion of haste for 420 gold pieces
 24604 | D:11     | Bought a smoking dagger for 294 gold pieces
 24604 | D:11     | Bought a potion of haste for 420 gold pieces
 24604 | D:11     | Identified the cursed +1 dagger of the Ageless Beggars
                  | {vorpal, *Drain rPois rC+ Int+2 Dex+3} (You bought it in a
                  | shop on level 11 of the Dungeon)
 24670 | Orc:1    | Entered Level 1 of the Orcish Mines
 24722 | Orc:1    | Noticed Urug
 24742 | Orc:1    | Killed Urug
 25561 | Orc:2    | Entered Level 2 of the Orcish Mines
 25561 | Orc:2    | Found a staircase to the Elven Halls.
 25890 | Orc:2    | Reached skill level 10 in Fighting
 25890 | Orc:2    | Reached skill level 10 in Short Blades
 25890 | Orc:2    | Reached skill level 10 in Long Blades
 25890 | Orc:2    | Reached skill level 10 in Axes
 25890 | Orc:2    | Reached skill level 10 in Maces & Flails
 25890 | Orc:2    | Reached skill level 10 in Polearms
 25890 | Orc:2    | Reached skill level 10 in Staves
 25890 | Orc:2    | Reached skill level 10 in Slings
 25890 | Orc:2    | Reached skill level 10 in Bows
 25890 | Orc:2    | Reached skill level 10 in Crossbows
 25890 | Orc:2    | Reached skill level 10 in Throwing
 25890 | Orc:2    | Reached skill level 10 in Armour
 25890 | Orc:2    | Reached skill level 10 in Shields
 25890 | Orc:2    | Reached skill level 10 in Unarmed Combat
 25890 | Orc:2    | Reached skill level 10 in Evocations
 25962 | Orc:2    | Noticed Jorgrun
 26263 | Orc:2    | Killed Jorgrun
 26725 | Orc:2    | Found Elataur's Magic Scroll Shoppe.
 26725 | Orc:2    | Found Nistrar's Jewellery Shoppe.
 26726 | Orc:2    | Found Plog's Jewellery Shoppe.
 26726 | Orc:2    | Found Ublo's Magic Scroll Emporium.
 26747 | Orc:2    | Bought a scroll of blinking for 97 gold pieces
 26763 | Orc:2    | Bought a scroll of acquirement for 676 gold pieces
 26764 | Orc:2    | Acquired 662 gold pieces
 26769 | Orc:2    | Bought a scroll of acquirement for 676 gold pieces
 26770 | Orc:2    | Acquired 1088 gold pieces
 26775 | Orc:2    | Bought a scroll of blinking for 112 gold pieces
 26775 | Orc:2    | Bought a scroll of identify for 30 gold pieces
 26778 | Orc:2    | Bought 3 scrolls of identify for 78 gold pieces
 26778 | Orc:2    | Bought a scroll of identify for 26 gold pieces
 26778 | Orc:2    | Bought a scroll of identify for 26 gold pieces
 26794 | Orc:2    | Bought the amulet "Ikhyrom" {RegenMP rN++ Str+4 Int-3} for
                  | 843 gold pieces
 27483 | D:12     | Noticed Nessos
 27489 | D:12     | Killed Nessos
 27575 | D:12     | Learned a level 2 spell: Wereblood
 27579 | D:12     | Learned a level 3 spell: Inner Flame
 27936 | D:12     | Identified the +0 robe "Tish" {rPois Regen+ rCorr Str+8}
                  | (You found it on level 12 of the Dungeon)
 28221 | D:13     | Found Divveqax's Jewellery Emporium.
 28395 | D:13     | Found Viafedgh's Armour Emporium.
 28708 | D:13     | Bought the +4 robe of Augmentation {Str+4 Int+4 Dex+4} for
                  | 634 gold pieces
 28708 | D:13     | Found the +4 robe of Augmentation {Str+4 Int+4 Dex+4}
 28947 | D:13     | Found Vecay's Antique Armour Shop.
 28952 | D:13     | Bought a faintly glowing helmet for 228 gold pieces
 28962 | D:13     | Identified the +1 helmet of Pride {-Tele rC+++ Dex+2
                  | Stlth+} (You bought it in a shop on level 13 of the
                  | Dungeon)
 29073 | D:13     | Found a gate to the Vaults.
 29390 | D:13     | Found Mozycsist's Weapon Shoppe.
 29413 | D:13     | Found Piytynuarr's Antique Weapon Shop.
 29421 | D:13     | Bought a steaming broad axe for 243 gold pieces
 29421 | D:13     | Identified the cursed +2 broad axe of Conformity {elec,
                  | +Inv rPois Dex+2} (You bought it in a shop on level 13 of
                  | the Dungeon)
 29600 | D:14     | Reached XP level 16. HP: 123/123 MP: 31/31
 30872 | D:14     | Got a distressingly furry leather armour
 30883 | D:14     | Identified the +0 leather armour of Spite {*Drain Will+
                  | Dex+2} (You found it on level 14 of the Dungeon)
 31216 | Swamp:1  | Entered Level 1 of the Swamp
 31216 | Swamp:1  | Noticed Roxanne
 31231 | Swamp:1  | Killed Roxanne
 31275 | Swamp:1  | Learned a level 6 spell: Statue Form
 33744 | Swamp:2  | Identified the +4 ring mail "Zuli" {rElec Dex+4 Slay+2}
                  | (You found it on level 2 of the Swamp)
 34658 | Swamp:2  | Identified the Compendium of Frigorific Malediction
 35831 | D:13     | Bought an uncursed ring of wizardry for 480 gold pieces
 36414 | Swamp:3  | Identified the ring of Bekegucw {rPois rC+ Int+2} (You
                  | found it on level 3 of the Swamp)
 36744 | Swamp:4  | Entered Level 4 of the Swamp
 36758 | Swamp:4  | Reached XP level 17. HP: 114/131 MP: 33/33
 37048 | Swamp:4  | Killed from afar by bloated husk

Illustrated notes

Levels and vault maps discovered:
D:1:      scummos_arrival_simple_crosswalls, layout_rooms, st_stairs_14
D:2:      layout_basic, elyvilon_altar_4, serial_bayou, serial_bayou_crossing,
          serial_bayou_shore_a, serial_bayou_pond_a, serial_bayou_pond_a
D:3:      layout_basic, marbit_many_paths, minmay_close_crescents
D:4:      layout_cave_pools, nemelex_xobeh_ov_fountains_minmay,
          minmay_temple_entry_proselytizer, serial_shops,
          nicolae_shop_competitors_out_of_business, grunt_ministairs_3,
          kennysheep_generic_room_15, uniq_robin, uniq_edmund, uniq_grinder,
          uniq_natasha
D:5:      minmay_angry_zag, layout_basic
D:6:      layout_layer_cave, serial_shops, shop_fountains
D:7:      layout_loops_corners, okawaru_altar_gauntlet_db,
          mrwooster_statue_mirror
D:8:      hangedman_cross_veins, layout_basic,
          riverfiend_overflow_shadow_ancestor, serial_shops, shop,
          kennysheep_generic_room_10
D:9:      lemuel_slime, layout_stronghold, old_standard_altar, orc_0_dummy,
          uniq_erolcha
D:10:     wad_woods_stonehenge, layout_stronghold, doesnt_xom_only_xom,
          uniq_grum
D:11:     layout_roguey, lair_entry_dummy, nicolae_trove_entry_free_sample,
          serial_glass, glass_columns_b, glass_columns_a,
          nicolae_tso_swordbearing_angel, uniq_josephine, uniq_maurice
D:12:     layout_grid_maze, uniq_nessos
D:13:     layout_loops_ring, erik_vaults_1, serial_shops, kennysheep_little_box,
          nicolae_shop_statue_plus, shop, nicolae_shop_crystal, shop,
          library_closet
D:14:     layout_irregular_city, solitary_fountain
Temple:   regret_index_temple_waves
Lair:1:   layout_layer_cave, nicolae_volcano_entry_two_sided,
          infiniplex_staircase_pool_2, grunt_megastairs_5
Lair:2:   layout_hall_layers, basic_altar, grunt_megastairs_3,
          serial_bayou_shore_b, uniq_fannar
Lair:3:   layout_misc_corridors, lemuel_fruit_tree
Lair:4:   layout_gridlike, nicolae_swamp_entry_splash_gauntlet,
          nicolae_spider_entry_tight_spaces
Lair:5:   layout_small_grid, slime_altar_1
Lair:6:   minmay_lair_end_frog_pond, layout_regular_city,
          portal_ice_cave_entry_imps
Swamp:1:  layout_basic_swamp, evilmike_swamp_ruin_house_2, uniq_roxanne
Swamp:2:  layout_basic_swamp, evilmike_swamp_ruin_wall
Swamp:3:  layout_falls_marsh, nicolae_swamp_feature_on_the_river_bank,
          swamp_pool1, cheibrodos_swamp_minitomb
Swamp:4:  swamp_alternative, layout_basic_swamp, swamp_pool1,
          roderic_carrion_pond
Orc:1:    layout_diamond_mine, uniq_urug
Orc:2:    st_orc_pillars, layout_caves, uniq_jorgrun

Skill      XL: |  1  2  3  4  5  6  7  8  9 10 11 12 13 14 15 16 17 |
---------------+----------------------------------------------------+-----
Spellcasting   | 5 6 7 8 9 10 11 12 | 12.2
Invocations    | 1 2 3 4 5 6 7 8 9 10 11 12 | 12.2
Fighting       | 1 2 3 5 6 7 8 9 10 11 | 11.3
Short Blades   | 1 2 3 5 6 7 8 9 10 11 | 11.3
Long Blades    | 1 2 3 5 6 7 8 9 10 11 | 11.3
Axes           | 1 2 3 5 6 7 8 9 10 11 | 11.3
Maces & Flails | 1 2 3 5 6 7 8 9 10 11 | 11.3
Polearms       | 1 2 3 5 6 7 8 9 10 11 | 11.3
Staves         | 1 2 3 5 6 7 8 9 10 11 | 11.3
Slings         | 1 2 3 5 6 7 8 9 10 11 | 11.3
Bows           | 1 2 3 5 6 7 8 9 10 11 | 11.3
Crossbows      | 1 2 3 5 6 7 8 9 10 11 | 11.3
Throwing       | 1 2 3 5 6 7 8 9 10 11 | 11.3
Armour         | 1 2 3 5 6 7 8 9 10 11 | 11.3
Shields        | 1 2 3 5 6 7 8 9 10 11 | 11.3
Unarmed Combat | 1 2 3 5 6 7 8 9 10 11 | 11.3
Evocations     | 1 2 3 5 6 7 8 9 10 11 | 11.3
Conjurations   | 1 2 3 4 5 6 7 8 9 |  9.6
Hexes          | 1 2 3 4 5 6 7 8 9 |  9.6
Summonings     | 1 2 3 4 5 6 7 8 9 |  9.6
Necromancy     | 1 2 3 4 5 6 7 8 9 |  9.6
Translocations | 1 2 3 4 5 6 7 8 9 |  9.6
Transmutations | 1 2 3 4 5 6 7 8 9 |  9.6
Fire Magic     | 1 2 3 4 5 6 7 8 9 |  9.6
Air Magic      | 1 2 3 4 5 6 7 8 9 |  9.6
Earth Magic    | 1 2 3 4 5 6 7 8 9 |  9.6
Poison Magic   | 1 2 3 4 5 6 7 8 9 |  9.6
Dodging        | 5 6 7 8 9 10 11 12 | 12.1
Stealth        | 5 6 7 8 9 10 11 12 | 12.0
Ice Magic      | 8 9 10 11 | 11.7

Action                   |  1- 3 |  4- 6 |  7- 9 | 10-12 | 13-15 | 16-18 || total
-------------------------+-------+-------+-------+-------+-------+-------++-------
Melee: Dagger            |    55 |   163 |   203 |   271 |       |       ||   692
       Spear             |     6 |       |       |       |       |       ||     6
       Bite              |     1 |    18 |    21 |    45 |   100 |    52 ||   237
       Punch             |       |     2 |     4 |    18 |     1 |       ||    25
       Broad axe         |       |       |       |    90 |   699 |   306 ||  1095
 Cast: Freeze            |    19 |     4 |       |       |       |       ||    23
       Frozen Ramparts   |     1 |     6 |    18 |    37 |    65 |     4 ||   131
       Ozocubu's Armour  |     1 |     5 |     8 |    27 |    41 |    23 ||   105
       Hailstorm         |       |       |     3 |    14 |    42 |     8 ||    67
       Summon Ice Beast  |       |       |     6 |    13 |    14 |     5 ||    38
       Sticky Flame      |       |       |       |    17 |    10 |    12 ||    39
       Fireball          |       |       |       |       |     1 |    31 ||    32
       Statue Form       |       |       |       |       |       |     6 ||     6
       Wereblood         |       |       |       |       |       |     2 ||     2
Invok: Call Merchant     |       |       |       |     1 |     2 |       ||     3
       Potion Petition   |       |       |       |     1 |     1 |     2 ||     4
 Abil: Evoke Invisibilit |       |       |       |       |     3 |     3 ||     6
Evoke: Wand              |       |       |     1 |    11 |    28 |    15 ||    55
  Use: Scroll            |       |       |     9 |    12 |    24 |     5 ||    50
       Potion            |       |       |     3 |     3 |     4 |     8 ||    18
 Stab: Sleeping          |     4 |     6 |    12 |    17 |    26 |     1 ||    66
       Distracted        |       |       |     1 |     7 |    12 |     4 ||    24
       Invisible         |       |       |       |       |     6 |     9 ||    15
       Confused          |       |       |       |       |       |     1 ||     1
Armor: Robe              |    11 |     2 |       |       |     5 |    86 ||   104
       Leather armour    |       |    26 |    30 |    36 |       |       ||    92
       Skin              |       |     2 |       |       |       |   108 ||   110
       Ring mail         |       |       |       |    89 |   157 |       ||   246
       Scale mail        |       |       |       |       |    66 |       ||    66
Dodge: Dodged            |    57 |    88 |   122 |   264 |   402 |   408 ||  1341
Block: Other             |       |       |    25 |    71 |     1 |       ||    97
       Reflection        |       |       |     5 |    10 |    11 |       ||    26
       Kite shield       |       |       |       |       |   665 |   349 ||  1014
